AoeStats
← tobinho_125

Black Forest

504472461Analyzed
4v4 RM · 26d ago on Sep 5, 2026· 18m 3s· 8 players
Game mode
Random Map
Map size
Large (8 player)
Population
200
Speed
Normal
Resources
Standard
Victory
Conquest
Starting age
Dark Age
Ending age
Imperial Age
RankedLock teamsTeams togetherTeam positionsShared explorationLock speedFull tech treeHidden civsTurbo modeCheats
Victory
Defeat
🇦🇺 Malay · Australia
901
+18
🇩🇪 Romans · Germany
896
+19
🇵🇪 Bohemians · Peru
854
+20
🇭🇰 Poles · Hong Kong SAR China
834
+38
🇨🇳 Portuguese · China
968
-20
🇰🇷 Bohemians · South Korea
948
-19
🇰🇷 Romans · South Korea
941
-19
🇰🇷 Britons · South Korea
940
-19
tobinho_125
1:11 Loom
12:49 Feudal Age
17:44 Castle Age
16:00 Double-Bit Axe
17:49 Wheelbarrow
17:39 Padded Archer Armor
17:40 Scale Mail Armor
17:59 Fletching
richnoob575
9:04 Loom
11:11 Feudal Age
11:45 Double-Bit Axe
12:23 Horse Collar
17:15 Castle Age
El Último Rey
0:37 Loom
13:28 Feudal Age
13:58 Double-Bit Axe
20:10 Castle Age
zy733229
9:18 Feudal Age
9:57 Double-Bit Axe
9:37 Man-at-Arms
16:43 Horse Collar
ggkdigk
0:26 Loom
12:49 Feudal Age
14:15 Double-Bit Axe
15:27 Wheelbarrow
17:29 Castle Age
16:54 Horse Collar
18:39 Wheelbarrow
rneod2
0:37 Loom
12:04 Feudal Age
16:02 Castle Age
16:11 Double-Bit Axe
16:08 Horse Collar
chentao_1209
0:32 Loom
14:31 Feudal Age
miracleboy201
0:28 Loom
11:14 Feudal Age
Connection lost

Rejoining the realm…

Still unreachable

The connection could not be restored.

Session expired

The server has moved on; the page needs a fresh start.